[Event "Titled Tuesday Blitz March 21 Early 2023"]
[White "Latreche, Khadidja"]
[Black "Barria Santos, Jose Guilherme"]
[WhiteFideId "7901780"]
[BlackFideId "1939300"]
[WhiteElo "1869"]
[BlackElo "2301"]
[Result "0-1"]
[Round "05"]
[TimeControl "180+2"]
[Date "2023.03.21"]
[WhiteClock "0:00:20"]
[BlackClock "0:00:12"]

1. e4 c5 2. Nf3 d6 3. d4 cxd4 4. Nxd4 Nf6 5. f3 a6 6. c4 e5 7. Nc2 Be7 8. Nc3 Be6 9. Be2 Nbd7 10. O-O Rc8 11. Ne3 Nb6 12. b3 O-O 13. Ncd5 Bxd5 14. exd5 a5 15. a4 Nbd7 16. Bb2 b6 17. Nf5 Nc5 18. f4 e4 19. Bg4 Rc7 20. Bh3 Re8 21. g4 Bf8 22. g5 Nfd7 23. Qg4 g6 24. Nh6+ Bxh6 25. gxh6 Nd3 26. Bd4 Nf6 27. Qh4 Nd7 28. Qg3 Rb7 29. f5 N3e5 30. fxg6 hxg6 31. Bxd7 Qxd7 32. Rf4 Nf3+ 33. Rxf3 exf3 34. Rf1 Kh7 35. Rxf3 Re4 36. Qf2 Qg4+ 37. Rg3 Qd1+ 38. Kg2 Qxd4 39. Qf3 Qd2+ 40. Kh3 Rf4 41. Qh1 Re7 42. Qa1 Qd4 43. Qc1 Rh4+ 44. Kg2 Re2+ 45. Kf1 Qf2# 0-1


[Site "https://www.chess.com"]

[Event "Titled Tuesday Blitz March 21 Early 2023"]
[White "Jesusesmifuerza"]
[Black "Clawitter, Craig"]
[BlackFideId "2023105"]
[WhiteElo "2046"]
[BlackElo "2234"]
[Result "0-1"]
[Round "05"]
[TimeControl "180+2"]
[Date "2023.03.21"]
[WhiteClock "0:01:20"]
[BlackClock "0:00:17"]

1. d4 e6 2. Bf4 Nf6 3. e3 b6 4. Nf3 Bb7 5. Nbd2 Be7 6. Bd3 Nh5 7. Bg3 g6 8. Be4 d5 9. Bd3 Nxg3 10. hxg3 c5 11. c3 Nc6 12. Qe2 a6 13. e4 cxd4 14. cxd4 dxe4 15. Bxe4 O-O 16. O-O-O Qc7 17. Kb1 Rac8 18. Bxc6 Qxc6 19. Rc1 Qd5 20. Qe5 Rfd8 21. Qxd5 Bxd5 22. Rxc8 Rxc8 23. Rc1 Bxa2+ 24. Kxa2 Rxc1 25. Ne4 Rc2 26. Ne1 Re2 0-1


[Site "https://www.chess.com"]

[Event "Titled Tuesday Blitz March 21 Early 2023"]
[White "Blokhin, Sofia"]
[Black "Vargas Pereda, Jesus Manue"]
[WhiteFideId "4508190"]
[BlackFideId "5115710"]
[WhiteElo "1994"]
[BlackElo "1914"]
[Result "1-0"]
[Round "05"]
[TimeControl "180+2"]
[Date "2023.03.21"]
[WhiteClock "0:02:18"]
[BlackClock "0:02:08"]

1. d4 d5 2. c4 dxc4 3. Nf3 e6 4. e4 c5 5. Bxc4 a6 6. a4 Nc6 7. d5 Na5 8. Ba2 Nf6 9. Nc3 exd5 10. e5 d4 11. exf6 dxc3 12. Bxf7+ 1-0


[Site "https://www.chess.com"]

[Event "Titled Tuesday Blitz March 21 Early 2023"]
[White "Ciuffoletti, Paolo"]
[Black "dorpato"]
[WhiteFideId "807630"]
[WhiteElo "2143"]
[BlackElo "1991"]
[Result "1-0"]
[Round "05"]
[TimeControl "180+2"]
[Date "2023.03.21"]
[WhiteClock "0:00:06"]
[BlackClock "0:00:01"]

1. e4 c5 2. d3 g6 3. Nf3 Bg7 4. g3 Nc6 5. Bg2 d6 6. O-O Nf6 7. c3 O-O 8. Nbd2 b6 9. a4 Bb7 10. Nc4 d5 11. exd5 Nxd5 12. Re1 e6 13. Bg5 Qd7 14. Qd2 Rfe8 15. Bh6 Rad8 16. Bxg7 Kxg7 17. h4 h5 18. Nfe5 Nxe5 19. Nxe5 Qc7 20. a5 Ne7 21. axb6 axb6 22. Ra7 Rb8 23. Nc4 Nc6 24. Ne5 Nxe5 25. Rxb7 Rxb7 26. Bxb7 Qxb7 27. Rxe5 Qc7 28. Qe3 Rd8 29. Re4 Qd6 30. d4 cxd4 31. Rxd4 Qe7 32. Qe5+ Kh7 33. Rxd8 Qxd8 34. Qf4 Qd1+ 35. Kh2 Qd7 36. b4 Kg8 37. c4 Qc6 38. Qd4 Qc7 39. c5 bxc5 40. bxc5 Kf8 41. Qc4 Ke7 42. Qd4 Qc6 43. Kg1 f6 44. Qc4 Qd5 45. Qb4 Qc6 46. Qc4 1-0


[Site "https://www.chess.com"]

[Event "Titled Tuesday Blitz March 21 Early 2023"]
[White "Pranav, V"]
[Black "Dubov, Daniil"]
[WhiteFideId "25060783"]
[BlackFideId "24126055"]
[WhiteElo "2500"]
[BlackElo "2802"]
[Result "0-1"]
[Round "06"]
[TimeControl "180+2"]
[Date "2023.03.21"]
[WhiteClock "0:00:01"]
[BlackClock "0:00:15"]

1. e4 e5 2. Nf3 Nc6 3. Bb5 a6 4. Ba4 Nf6 5. O-O Be7 6. d3 b5 7. Bb3 d6 8. c3 O-O 9. Nbd2 Na5 10. Bc2 c5 11. Re1 Nc6 12. Nf1 h6 13. Ng3 Re8 14. h3 Be6 15. Nh2 d5 16. Qf3 d4 17. Nf5 Bf8 18. Bd2 Rc8 19. Ng4 Nxg4 20. hxg4 f6 21. Rec1 c4 22. dxc4 bxc4 23. Ba4 Qb6 24. b3 Red8 25. bxc4 dxc3 26. Bxc3 Nd4 27. Bxd4 exd4 28. Rab1 Qc5 29. Bb3 a5 30. Rd1 g6 31. Ng3 Kg7 32. Ne2 Qg5 33. Qg3 Bd6 34. f4 Qxg4 35. Qf3 a4 36. Bxa4 Qxf3 37. gxf3 Bxc4 38. Rb7+ Kh8 39. Bb5 d3 40. Bxc4 Rxc4 41. Ng3 Bxf4 42. Nf1 d2 43. Nxd2 Rcd4 0-1


[Site "https://www.chess.com"]

[Event "Titled Tuesday Blitz March 21 Early 2023"]
[White "Alekseenko, Kirill"]
[Black "Le, Tuan Minh"]
[WhiteFideId "4135539"]
[BlackFideId "12401153"]
[WhiteElo "2683"]
[BlackElo "2558"]
[Result "0-1"]
[Round "06"]
[TimeControl "180+2"]
[Date "2023.03.21"]
[WhiteClock "0:00:07"]
[BlackClock "0:00:17"]

1. d4 d5 2. Nc3 Nf6 3. Bf4 Bf5 4. e3 e6 5. Bd3 Bg6 6. Nf3 a6 7. Ne5 c5 8. dxc5 Bxc5 9. O-O Nc6 10. Nxg6 hxg6 11. e4 Bd6 12. Bxd6 Qxd6 13. h3 d4 14. Nb1 g5 15. Nd2 g4 16. f4 gxh3 17. Qf3 hxg2 18. Qxg2 Qe7 19. Nc4 O-O-O 20. b4 Rh4 21. Rf3 Rdh8 22. Rb1 Ng4 23. Rg3 Rh2 24. Qf3 Qh4 25. Qxg4 Rh1+ 26. Kf2 Rxb1 27. Qxh4 Rxh4 28. Rxg7 Rxf4+ 29. Ke2 Kc7 30. a3 Rh1 31. e5 Rh2+ 32. Ke1 b5 33. Nd2 Nxe5 34. Be4 Rxd2 0-1


[Site "https://www.chess.com"]

[Event "Titled Tuesday Blitz March 21 Early 2023"]
[White "Shimanov, Aleksandr"]
[Black "Andreikin, Dmitry"]
[WhiteFideId "4198603"]
[BlackFideId "4158814"]
[WhiteElo "2631"]
[BlackElo "2736"]
[Result "0-1"]
[Round "06"]
[TimeControl "180+2"]
[Date "2023.03.21"]
[WhiteClock "0:00:01"]
[BlackClock "0:00:10"]

1. e4 g6 2. d4 Bg7 3. c4 d6 4. Nc3 Nc6 5. Be3 e5 6. d5 Nd4 7. Nge2 Nxe2 8. Bxe2 Nf6 9. c5 h5 10. cxd6 cxd6 11. Bb5+ Kf8 12. f3 Bh6 13. Bxh6+ Rxh6 14. Qd2 Kg7 15. h4 a6 16. Bd3 Bd7 17. O-O-O Rh8 18. Kb1 b5 19. Rc1 Qb6 20. Nd1 a5 21. Ne3 a4 22. Nc2 Rhc8 23. a3 Rc5 24. Nb4 Rac8 25. Rcg1 R5c7 26. Be2 Qf2 27. Nd3 Qd4 28. Rd1 Rc2 29. Qxc2 Rxc2 30. Kxc2 Qe3 31. Rd2 Be8 32. Re1 Nd7 33. Bd1 Qb6 34. Kb1 Qd4 35. Kc1 Qb6 36. Kb1 Qd8 37. g3 Nb6 38. Nb4 Nc4 39. Rh2 Qb6 40. Be2 Nd2+ 41. Kc2 Qe3 42. Nd3 Nxf3 43. Bxf3 Qxf3 44. Ree2 Qxg3 45. Kd2 Bd7 46. Reg2 Qf3 47. Re2 Bg4 48. Re3 Qf1 49. Kc3 Qd1 50. Rd2 Qh1 51. Kb4 Qxh4 52. Kxb5 Qg5 53. Rde2 Bxe2 54. Rxe2 h4 55. Kxa4 h3 56. Nf2 Qg2 57. Rc2 h2 58. Kb3 h1=Q 59. Nxh1 Qxh1 60. Rc4 g5 61. a4 g4 62. a5 g3 63. a6 g2 64. a7 Qa1 65. Ra4 Qxa4+ 66. Kxa4 g1=Q 67. a8=Q Qa1+ 0-1


[Site "https://www.chess.com"]

[Event "Titled Tuesday Blitz March 21 Early 2023"]
[White "Duda, Jan-Krzysztof"]
[Black "Nguyen, Ngoc Truong Son"]
[WhiteFideId "1170546"]
[BlackFideId "12401110"]
[WhiteElo "2790"]
[BlackElo "2571"]
[Result "1-0"]
[Round "06"]
[TimeControl "180+2"]
[Date "2023.03.21"]
[WhiteClock "0:00:03"]
[BlackClock "0:00:01"]

1. e4 c5 2. Nf3 e6 3. d4 cxd4 4. Nxd4 Nc6 5. Nc3 a6 6. Nxc6 bxc6 7. Bd3 d5 8. O-O Nf6 9. Qe2 Be7 10. b3 O-O 11. Bb2 c5 12. Rad1 Bb7 13. exd5 exd5 14. Rfe1 Re8 15. Qf3 Qc7 16. Qh3 d4 17. Ne2 Bd6 18. c3 Re5 19. Ng3 Rae8 20. Rxe5 Bxe5 21. cxd4 Bxd4 22. Bxd4 cxd4 23. Ne2 Qe5 24. Qg3 Qc5 25. h3 h6 26. Nxd4 Be4 27. Bxa6 Nd5 28. Bc4 Kh7 29. Bxd5 Qxd5 30. Kh2 Bg6 31. Rd2 Re4 32. Nf3 Qa5 33. Qd6 Re6 34. Qf4 Rf6 35. Qe5 Qb4 36. Rd4 Qc3 37. Qe3 Qb2 38. a4 Re6 39. Rd2 Qa3 40. Qc3 Rb6 41. Nd4 Qd6+ 42. Qg3 Qb4 43. Rd1 Rd6 44. Nc2 Bxc2 45. Rxd6 Bxb3 46. a5 Bc4 47. a6 1-0


[Site "https://www.chess.com"]

[Event "Titled Tuesday Blitz March 21 Early 2023"]
[White "Lazavik, Denis"]
[Black "Lenderman, Aleksandr"]
[WhiteFideId "13515110"]
[BlackFideId "2021285"]
[WhiteElo "2560"]
[BlackElo "2607"]
[Result "1-0"]
[Round "06"]
[TimeControl "180+2"]
[Date "2023.03.21"]
[WhiteClock "0:02:09"]
[BlackClock "0:01:36"]

1. d4 d5 2. c4 c6 3. Nf3 Nf6 4. Qc2 dxc4 5. Qxc4 Bf5 6. g3 Nbd7 7. Bg2 e6 8. O-O Be7 9. Qb3 Qb6 10. Nbd2 O-O 11. Nc4 Qxb3 12. axb3 Be4 13. Bf4 c5 14. Bd6 Bxd6 15. Nxd6 Bd5 16. Rfc1 b6 17. b4 cxb4 18. Rc7 Rfd8 19. Raxa7 Rxa7 20. Rxa7 Ra8 21. Rxa8+ Bxa8 22. Ng5 Bxg2 23. Kxg2 e5 24. dxe5 Nxe5 25. f4 Neg4 26. Ngxf7 Ne3+ 27. Kf3 Nf1 28. h3 Nd2+ 29. Ke3 Nf1+ 30. Kf2 Nd2 31. Ne5 Nfe4+ 32. Nxe4 Nxe4+ 33. Kf3 Nc5 34. Nd3 1-0


[Site "https://www.chess.com"]

[Event "Titled Tuesday Blitz March 21 Early 2023"]
[White "Paravyan, David"]
[Black "Bortnyk, Olexandr"]
[WhiteFideId "4194985"]
[BlackFideId "14120828"]
[WhiteElo "2577"]
[BlackElo "2734"]
[Result "1/2-1/2"]
[Round "06"]
[TimeControl "180+2"]
[Date "2023.03.21"]
[WhiteClock "0:01:34"]
[BlackClock "0:00:36"]

1. Nf3 Nf6 2. c4 b6 3. g3 Bb7 4. Bg2 g6 5. O-O Bg7 6. d4 O-O 7. Qc2 Be4 8. Qa4 c5 9. Nc3 Bc6 10. Qb3 cxd4 11. Nxd4 Bxg2 12. Kxg2 Nc6 13. Nxc6 dxc6 14. Bf4 Qc8 15. Rfd1 Qe6 16. c5 Qxb3 17. axb3 bxc5 18. Be3 Rfb8 19. Bxc5 Rxb3 20. Bxe7 Rxb2 21. Rxa7 Rxa7 22. Rd8+ Bf8 23. Bxf8 Rd7 24. Rc8 Rbd2 25. Be7+ Kg7 26. Bxf6+ Kxf6 27. Ne4+ Ke7 28. Nxd2 Rxd2 29. Rc7+ Kf8 30. e4 Rc2 31. e5 Re2 32. Rxc6 Rxe5 33. h4 1/2-1/2


[Site "https://www.chess.com"]

[Event "Titled Tuesday Blitz March 21 Early 2023"]
[White "Howell, David W L"]
[Black "Bachmann, Axel"]
[WhiteFideId "410608"]
[BlackFideId "3700488"]
[WhiteElo "2567"]
[BlackElo "2605"]
[Result "1-0"]
[Round "06"]
[TimeControl "180+2"]
[Date "2023.03.21"]
[WhiteClock "0:00:07"]
[BlackClock "0:00:11"]

1. d4 Nf6 2. c4 e6 3. Nf3 Bb4+ 4. Nc3 b6 5. e3 Bb7 6. Bd3 O-O 7. O-O d5 8. cxd5 exd5 9. Ne5 Re8 10. Bd2 c5 11. a3 Bxc3 12. Bxc3 c4 13. Bc2 Nc6 14. b3 b5 15. Rb1 Qe7 16. bxc4 bxc4 17. Ba4 Rec8 18. f3 h6 19. Qc2 Rc7 20. Rxb7 Nxe5 21. Rxc7 Nxf3+ 22. gxf3 Qxc7 23. Kh1 Qe7 24. Re1 Qxa3 25. e4 dxe4 26. fxe4 Rd8 27. d5 Nh5 28. Bc6 Rd6 29. Rg1 Nf4 30. Rxg7+ Kf8 31. Rg1 Rg6 32. Rxg6 Nxg6 33. Kg2 Qe7 34. Kh1 Qh4 35. Qe2 Qf4 36. Bd2 Qe5 37. Qxc4 Kg7 38. Bc3 1-0


[Site "https://www.chess.com"]

[Event "Titled Tuesday Blitz March 21 Early 2023"]
[White "Seo, Jung Min"]
[Black "Ter-Sahakyan, Samvel"]
[WhiteFideId "1734687"]
[BlackFideId "13302531"]
[WhiteElo "2468"]
[BlackElo "2566"]
[Result "1-0"]
[Round "06"]
[TimeControl "180+2"]
[Date "2023.03.21"]
[WhiteClock "0:01:35"]
[BlackClock "0:00:03"]

1. d4 Nf6 2. c4 g6 3. Nc3 Bg7 4. e4 d6 5. Be2 O-O 6. Be3 Nc6 7. d5 Ne5 8. f4 Neg4 9. Bd2 Nh6 10. h3 e6 11. dxe6 fxe6 12. g4 Nf7 13. Nf3 b5 14. cxb5 Bb7 15. Qc2 d5 16. O-O-O dxe4 17. Ng5 Nxg5 18. fxg5 Nd5 19. Nxe4 Qe7 20. Rhf1 Rxf1 21. Rxf1 Rf8 22. Rxf8+ Qxf8 23. a3 Nf4 24. Bc4 Nd5 25. Qd3 Kh8 26. Kb1 Qe7 27. Bxd5 exd5 28. Nf6 d4 29. Qxd4 Bg2 30. h4 h6 31. Bc3 hxg5 32. hxg5 Qf7 33. Qg1 1-0


[Site "https://www.chess.com"]

[Event "Titled Tuesday Blitz March 21 Early 2023"]
[White "Naroditsky, Daniel"]
[Black "Zhigalko, Sergei"]
[WhiteFideId "2026961"]
[BlackFideId "13502956"]
[WhiteElo "2633"]
[BlackElo "2626"]
[Result "1-0"]
[Round "06"]
[TimeControl "180+2"]
[Date "2023.03.21"]
[WhiteClock "0:01:29"]
[BlackClock "0:00:12"]

1. d4 Nf6 2. Nc3 d5 3. Bf4 a6 4. e3 e6 5. a3 c5 6. dxc5 Bxc5 7. Bd3 Nc6 8. Nf3 Bd6 9. Bxd6 Qxd6 10. e4 d4 11. Ne2 e5 12. Ng3 O-O 13. O-O Re8 14. Qd2 Bd7 15. Nh4 g6 16. Qg5 Kh8 17. f4 Ng8 18. f5 f6 19. Nxg6+ hxg6 20. Qh4+ Kg7 21. fxg6 Kxg6 22. Bc4 Be6 23. Qh5+ Kg7 24. Nf5+ Bxf5 25. Qf7+ Kh8 26. Rxf5 Nh6 27. Rh5 Qf8 28. Qg6 1-0


[Site "https://www.chess.com"]

[Event "Titled Tuesday Blitz March 21 Early 2023"]
[White "Wei, Yi"]
[Black "Costachi, Mihnea"]
[WhiteFideId "8603405"]
[BlackFideId "1217518"]
[WhiteElo "2686"]
[BlackElo "2456"]
[Result "1-0"]
[Round "06"]
[TimeControl "180+2"]
[Date "2023.03.21"]
[WhiteClock "0:01:06"]
[BlackClock "0:00:17"]

1. b3 d5 2. Bb2 Nf6 3. Nf3 g6 4. c4 c6 5. g3 Bg7 6. Bg2 O-O 7. O-O Bf5 8. d3 Qc8 9. Re1 Bh3 10. Bh1 h6 11. Nbd2 Na6 12. Rc1 Qg4 13. Nf1 Rfd8 14. Ne3 Qe6 15. Qd2 Rac8 16. Qa5 Ng4 17. Bxg7 Kxg7 18. cxd5 cxd5 19. Rxc8 Qxc8 20. Nxd5 b6 21. Qc3+ Qxc3 22. Nxc3 Nf6 23. Ne5 Rc8 24. Rc1 Nb4 25. a3 Nbd5 26. Na2 Rxc1+ 27. Nxc1 Nc3 28. Nc6 Nd7 29. b4 Nb1 30. a4 Nc3 31. a5 bxa5 32. bxa5 Nc5 33. Bf3 a6 34. Nxe7 Kf6 35. Nc6 Nb7 36. Nb4 Nxa5 37. Nxa6 Be6 38. Nc5 Bc8 39. Ne4+ Nxe4 40. Bxe4 Ke5 41. e3 f5 42. f4+ Kd6 43. Bf3 Ba6 44. Kf2 g5 45. h4 gxh4 46. gxh4 Kc5 47. Ke2 Kb4 48. Kd2 Kc5 49. Kc3 Bb7 50. Bxb7 Nxb7 51. Nb3+ Kd5 52. Nd4 Nd6 53. Nxf5 Nxf5 54. e4+ Ke6 55. exf5+ Kxf5 56. d4 h5 57. d5 Kg4 58. d6 Kxh4 59. d7 Kg3 60. d8=Q h4 61. Qg5+ Kh3 62. f5 Kh2 63. f6 h3 64. f7 Kh1 65. f8=Q h2 66. Qf3# 1-0


[Site "https://www.chess.com"]

[Event "Titled Tuesday Blitz March 21 Early 2023"]
[White "Kravtsiv, Martyn"]
[Black "Erigaisi Arjun"]
[WhiteFideId "14113147"]
[BlackFideId "35009192"]
[WhiteElo "2695"]
[BlackElo "2737"]
[Result "1-0"]
[Round "06"]
[TimeControl "180+2"]
[Date "2023.03.21"]
[WhiteClock "0:00:09"]
[BlackClock "0:00:09"]

1. e4 c6 2. Nf3 d5 3. d3 g6 4. e5 Bg7 5. d4 Bg4 6. Nbd2 e6 7. Be2 Ne7 8. h3 Bxf3 9. Nxf3 O-O 10. h4 c5 11. h5 Nbc6 12. hxg6 fxg6 13. Ng5 Nxd4 14. c3 Nxe2 15. Qxe2 Qd7 16. Rxh7 Rf5 17. g4 Rxg5 18. Rxg7+ Kxg7 19. Bxg5 Ng8 20. O-O-O Qa4 21. b3 Qa5 22. Kb2 Rf8 23. f4 Rf7 24. Rh1 d4 25. cxd4 cxd4 26. Qd3 Qc5 27. Rc1 Qd5 28. a4 Rd7 29. Ka3 a6 30. Rc8 b5 31. Qh3 1-0


[Site "https://www.chess.com"]

[Event "Titled Tuesday Blitz March 21 Early 2023"]
[White "Gharibyan, Mamikon"]
[Black "Sarana, Alexey"]
[WhiteFideId "13308300"]
[BlackFideId "24133795"]
[WhiteElo "2445"]
[BlackElo "2714"]
[Result "1-0"]
[Round "06"]
[TimeControl "180+2"]
[Date "2023.03.21"]
[WhiteClock "0:00:03"]
[BlackClock "0:00:02"]

1. d4 Nf6 2. c4 e6 3. Nf3 d5 4. g3 dxc4 5. Bg2 Nc6 6. O-O Rb8 7. a4 Bb4 8. Bd2 O-O 9. Bxb4 Nxb4 10. Na3 b6 11. Nxc4 a5 12. Rc1 Ba6 13. b3 Qe7 14. e3 Rfd8 15. Qe2 c5 16. Rfd1 cxd4 17. Nxd4 Nfd5 18. h4 h6 19. Rd2 Rbc8 20. Qh5 Rc5 21. Qg4 Qf6 22. Nb5 Bxb5 23. axb5 Rxb5 24. e4 Nc7 25. Nd6 Rc5 26. Rcd1 h5 27. Qe2 Qc3 28. Nb7 Rxd2 29. Rxd2 Rb5 30. Rd8+ Kh7 31. Rd7 Kg8 32. Nd6 Rc5 33. Rd8+ Kh7 34. Nxf7 Qf6 35. Rh8+ Kg6 36. e5 Qf5 37. Be4 Qxe4 38. Qxe4+ Kxf7 39. Rxh5 1-0


[Site "https://www.chess.com"]

[Event "Titled Tuesday Blitz March 21 Early 2023"]
[White "Svane, Rasmus"]
[Black "Drygalov, Andrey"]
[WhiteFideId "4657101"]
[BlackFideId "24171735"]
[WhiteElo "2597"]
[BlackElo "2471"]
[Result "1-0"]
[Round "06"]
[TimeControl "180+2"]
[Date "2023.03.21"]
[WhiteClock "0:00:06"]
[BlackClock "0:00:03"]

1. Nf3 Nf6 2. g3 d5 3. Bg2 g6 4. O-O Bg7 5. c4 c6 6. Qb3 O-O 7. d4 dxc4 8. Qxc4 Bf5 9. Nc3 Nbd7 10. Re1 Ne4 11. Qb3 Qb6 12. Nh4 Qxb3 13. axb3 Nxc3 14. bxc3 Be6 15. b4 Bc4 16. f4 f5 17. e4 fxe4 18. Bxe4 Nf6 19. Bg2 Rfe8 20. Nf3 Bd5 21. Ne5 Bxg2 22. Kxg2 Nd5 23. Bd2 Bxe5 24. Rxe5 Kf7 25. g4 Nb6 26. Be1 Nc4 27. Rc5 Nd6 28. Kf3 a6 29. Bh4 Rad8 30. Re1 Nb5 31. Re3 Rd5 32. Bf2 Rc8 33. Bh4 e6 34. f5 gxf5 35. gxf5 Re8 36. f6 Nd6 37. Bg3 Nf5 38. Re1 Nxg3 39. hxg3 Kxf6 40. Rh1 Kg7 41. Ke4 Rf8 42. c4 Rd6 43. Rch5 Rh8 44. R1h4 h6 45. Rg4+ Kf6 46. Rf4+ Kg6 47. Rhh4 Rhd8 48. Rhg4+ Kh7 49. Rf7+ Kh8 50. Ke5 b6 51. Rf6 Kh7 52. Rh4 c5 53. Rfxh6+ Kg7 54. Rh7+ Kg6 55. bxc5 bxc5 56. d5 Kg5 57. Rg7# 1-0


[Site "https://www.chess.com"]

[Event "Titled Tuesday Blitz March 21 Early 2023"]
[White "Tsydypov, Zhamsaran"]
[Black "Perez Ponsa, Federico"]
[WhiteFideId "4108566"]
[BlackFideId "117927"]
[WhiteElo "2584"]
[BlackElo "2592"]
[Result "1/2-1/2"]
[Round "06"]
[TimeControl "180+2"]
[Date "2023.03.21"]
[WhiteClock "0:00:44"]
[BlackClock "0:00:54"]

1. d4 Nf6 2. c4 g6 3. Nf3 Bg7 4. g3 d6 5. Bg2 O-O 6. O-O Nc6 7. Nc3 e5 8. d5 Nb8 9. e4 a5 10. Ne1 Na6 11. Nd3 Nd7 12. Be3 Ndc5 13. f4 exf4 14. gxf4 Nxd3 15. Qxd3 f5 16. Qd2 fxe4 17. Nxe4 Bf5 18. Ng5 Qd7 19. Ne6 Rfe8 20. Rae1 Re7 21. Nxg7 Kxg7 22. Bd4+ Kg8 23. Rxe7 Qxe7 24. Re1 Qf7 25. Qxa5 Re8 26. Qc3 Nc5 27. Rxe8+ Qxe8 28. Bxc5 dxc5 29. Qe5 Qa4 30. Bf3 Qxc4 31. d6 Qc1+ 32. Kg2 Qd2+ 33. Kg3 Qxd6 34. Qxd6 cxd6 35. Bxb7 Kf8 36. a4 Ke7 37. a5 Kd8 38. Bd5 Kc7 39. Kf3 Kb8 40. Ke3 Ka7 41. Bc4 d5 42. Bxd5 Ka6 43. Kd2 Kxa5 44. Kc3 Kb5 45. h4 h6 46. Bf3 Bb1 1/2-1/2


[Site "https://www.chess.com"]

[Event "Titled Tuesday Blitz March 21 Early 2023"]
[White "Daneshvar, Bardiya"]
[Black "Kobo, Ori"]
[WhiteFideId "12576468"]
[BlackFideId "2812320"]
[WhiteElo "2468"]
[BlackElo "2447"]
[Result "1/2-1/2"]
[Round "06"]
[TimeControl "180+2"]
[Date "2023.03.21"]
[WhiteClock "0:00:07"]
[BlackClock "0:00:05"]

1. b3 e5 2. Bb2 Nc6 3. e3 d5 4. Bb5 Bd6 5. Nf3 Qe7 6. d4 e4 7. Nfd2 Qg5 8. g3 a6 9. Be2 Nce7 10. Ba3 Bxa3 11. Nxa3 Bh3 12. c4 c6 13. Qc2 Nf6 14. O-O-O Qf5 15. f4 exf3 16. Nxf3 Qxc2+ 17. Nxc2 O-O 18. Ne5 Rfe8 19. Rde1 Ng6 20. Nd3 Bg2 21. Rhg1 Be4 22. Kd2 Re7 23. Ref1 Rae8 24. c5 h5 25. b4 Ng4 26. Bxg4 hxg4 27. Rf2 f6 28. Re2 Nf8 29. Nce1 Nh7 30. Nf2 Ng5 31. Nxe4 Rxe4 32. Rf1 Kf7 33. Rf4 Kg6 34. Rxe4 Nxe4+ 35. Kc2 Rh8 36. Nd3 Ng5 37. Ne1 Kf5 38. Rf2+ Kg6 39. Kd3 Re8 40. a4 Ra8 41. Rb2 Ne4 42. Ng2 Kf7 43. Nf4 g5 44. Ne2 Ke6 45. Nc3 f5 46. Nxe4 fxe4+ 47. Ke2 Rh8 48. Kf1 Rf8+ 49. Rf2 Rf3 50. Ke2 Kd7 51. a5 Ke6 52. Rf1 Kf5 53. Rh1 Ke6 54. Rg1 Kf5 55. Rh1 Kg6 56. Rg1 Kh5 57. Rh1 Kg6 58. Rg1 Kh5 59. Rh1 Kg6 1/2-1/2


[Site "https://www.chess.com"]

[Event "Titled Tuesday Blitz March 21 Early 2023"]
[White "Makhnev, Denis"]
[Black "Kukhmazov, Arsen"]
[WhiteFideId "13707647"]
[BlackFideId "24108260"]
[WhiteElo "2525"]
[BlackElo "2378"]
[Result "1-0"]
[Round "06"]
[TimeControl "180+2"]
[Date "2023.03.21"]
[WhiteClock "0:00:05"]
[BlackClock "0:00:06"]

1. d4 d5 2. c4 c6 3. Nf3 Nf6 4. Qb3 dxc4 5. Qxc4 Bf5 6. g3 e6 7. Bg2 Be7 8. O-O O-O 9. Nbd2 Ne4 10. Qb3 Qb6 11. Nc4 Qxb3 12. axb3 Nd7 13. Bf4 g5 14. Be3 h6 15. Nfd2 Nxd2 16. Bxd2 Bg6 17. f4 a6 18. e4 f6 19. Rae1 Rad8 20. Ba5 Rde8 21. Bc3 Bf7 22. Na5 Rb8 23. Kh1 Bd8 24. Nc4 Bc7 25. Bb4 Rfd8 26. Be7 Re8 27. Bd6 Rec8 28. e5 f5 29. g4 fxg4 30. fxg5 hxg5 31. Be7 Re8 32. Bxg5 Bg6 33. h3 Bc2 34. Re3 Rf8 35. Rc1 Bg6 36. hxg4 Nb6 37. Nd6 Nc8 38. Ne4 Bd8 39. Bh6 Rf7 40. Kg1 Bxe4 41. Bxe4 Ne7 42. Rf1 Nd5 43. Ref3 Rxf3 44. Rxf3 Be7 45. Kg2 a5 46. g5 b5 47. g6 Bf8 48. Bd2 Bg7 49. Rf7 a4 50. Bf3 axb3 51. Bg4 Re8 52. Kf3 c5 53. Ke4 c4 54. Bxe6 Rxe6 55. Kxd5 Rxg6 56. Rb7 Rg2 57. Bc3 Bh6 58. Rxb5 Bc1 59. Kxc4 Bxb2 60. Rxb3 Bc1 61. Kd5 Rg4 62. Rb7 Kf8 63. Ke6 Rg6+ 64. Kf5 Rc6 65. Bb4+ Ke8 66. d5 Rc4 67. Ke6 Kd8 68. Bd6 1-0


[Site "https://www.chess.com"]

[Event "Titled Tuesday Blitz March 21 Early 2023"]
[White "Urazayev, Arystanbek"]
[Black "Makarian, Rudik"]
[WhiteFideId "13709810"]
[BlackFideId "44105681"]
[WhiteElo "2479"]
[BlackElo "2436"]
[Result "1/2-1/2"]
[Round "06"]
[TimeControl "180+2"]
[Date "2023.03.21"]
[WhiteClock "0:00:07"]
[BlackClock "0:00:09"]

1. d4 Nf6 2. c4 e6 3. Nf3 d5 4. g3 Bb4+ 5. Nbd2 dxc4 6. Bg2 b5 7. O-O Bb7 8. a4 c6 9. axb5 cxb5 10. Nxc4 O-O 11. Nce5 a6 12. Bg5 Be7 13. Rc1 h6 14. Bxf6 Bxf6 15. Qd3 Nd7 16. Rfd1 Rc8 17. b4 Nxe5 18. Nxe5 Bxg2 19. Kxg2 Qd6 20. Rc5 Bxe5 21. dxe5 Qxd3 22. Rxd3 Rxc5 23. bxc5 Rc8 24. Rd6 a5 25. Ra6 a4 26. c6 Kf8 27. Kf3 Ke7 28. Ke4 Rd8 29. Ra7+ Ke8 30. Ra5 Rc8 31. Rxb5 Rxc6 32. Ra5 Rc2 33. Kd3 Ra2 34. Ra7 h5 35. h4 g6 36. f3 Kf8 37. e3 Ra1 38. Ke4 Kg7 39. Kf4 a3 40. e4 a2 41. Ra8 Kh7 42. Ra7 Kg8 43. Ra8+ Kg7 44. Ra7 Kf8 45. Ra8+ Ke7 46. Ra7+ Ke8 47. Ra3 Kd7 48. Rd3+ Kc6 49. Ra3 Kb5 50. Ra7 Kb4 51. Rb7+ Kc3 52. Rc7+ Kd4 53. Rd7+ Kc3 54. Ra7 Kd3 55. Rd7+ Ke2 56. Ra7 Kf2 57. Ra3 Kg2 58. Ra4 Kh3 59. Ra3 Kg2 60. Ra4 Kf2 61. Ra3 Kg2 1/2-1/2


[Site "https://www.chess.com"]

[Event "Titled Tuesday Blitz March 21 Early 2023"]
[White "Mekhitarian, Krikor Sevag"]
[Black "Bok, Benjamin"]
[WhiteFideId "2107660"]
[BlackFideId "1017063"]
[WhiteElo "2604"]
[BlackElo "2658"]
[Result "0-1"]
[Round "06"]
[TimeControl "180+2"]
[Date "2023.03.21"]
[WhiteClock "0:00:14"]
[BlackClock "0:00:38"]

1. Nf3 d5 2. c4 c6 3. e3 Nf6 4. Nc3 e6 5. b3 Bd6 6. Bb2 O-O 7. Qc2 e5 8. cxd5 cxd5 9. Nb5 Nc6 10. Nxd6 Qxd6 11. d4 Nb4 12. Qd2 Ne4 13. Qd1 Qc7 14. Bd3 Nxd3+ 15. Qxd3 Qa5+ 16. Kf1 Bf5 17. Qe2 Rac8 18. Kg1 Nxf2 19. Qxf2 Rc2 20. Qg3 Rxb2 21. Qxe5 Be4 22. Rf1 Bxf3 23. gxf3 Qd2 24. Qg5 h6 0-1


[Site "https://www.chess.com"]

[Event "Titled Tuesday Blitz March 21 Early 2023"]
[White "Indjic, Aleksandar"]
[Black "Idani, Pouya"]
[WhiteFideId "911925"]
[BlackFideId "12510130"]
[WhiteElo "2614"]
[BlackElo "2574"]
[Result "1/2-1/2"]
[Round "06"]
[TimeControl "180+2"]
[Date "2023.03.21"]
[WhiteClock "0:01:21"]
[BlackClock "0:00:42"]

1. d4 Nf6 2. c4 e6 3. Nc3 Bb4 4. e3 O-O 5. Bd3 d5 6. a3 Bxc3+ 7. bxc3 dxc4 8. Bxc4 c5 9. Bd3 Nc6 10. Nf3 Qe7 11. Bb2 e5 12. Nxe5 Nxe5 13. dxe5 Qxe5 14. Qe2 Bf5 15. c4 Qe6 16. Bxf5 Qxf5 17. O-O Rad8 18. Rfd1 Rfe8 19. h3 h6 20. a4 Ne4 21. a5 Qe6 22. Rac1 Qe7 23. Rd5 Rxd5 24. cxd5 b6 25. f3 Ng3 26. Qf2 Qxe3 27. Qxe3 Rxe3 28. Rd1 Re8 29. d6 Nf5 30. Rd5 Nd4 31. axb6 axb6 32. d7 Rd8 33. Bxd4 cxd4 34. Rxd4 Kf8 35. Rb4 Rxd7 36. Rxb6 1/2-1/2


[Site "https://www.chess.com"]